 Dungeon Crawl Stone Soup version 0.30.1-4-g462c640d31 (webtiles) character file.

Game seed: 7058130958789435661

6071 arthad the Fighter (level 10, -2/91 HPs)
             Began as a Yellow Draconian Transmuter on Aug 10, 2023.
             Was an Initiate of Gozag.
             Slain by a wolf (3 damage)
             ... on level 8 of the Dungeon on Aug 11, 2023.
             The game lasted 00:29:17 (10331 turns).

arthad the Fighter (Yellow Draconian Transmuter)   Turns: 10331, Time: 00:29:18

Health: -2/91      AC: 10    Str: 14    XL:     10   Next: 57%
Magic:  18/18      EV: 15    Int: 14    God:    Gozag
Gold:   883        SH:  0    Dex: 16    Spells: 14/20 levels left

rFire   . .          .
                       - Unarmed
rCold   . . .        (no shield)
rNeg    . . .        (body armour unavailable)
rPois   .            (helmet restricted)
rElec   .            C - +0 cloak
rCorr   +            s - +0 pair of gloves
SInv    +            d - +0 pair of boots
Will    .....        (no amulet)
Stlth   +            D - ring of see invisible
HPRegen 0.35/turn    (no ring)
MPRegen 0.16/turn

%: no passive effects
@: short of breath, gold aura
A: spit acid, AC +7, unfitting armour, cold-blooded, acid resistance, stinger 1,
agile 1
a: Breathe Acid, Renounce Religion, Potion Petition, Call Merchant, Bribe Branch


You were on level 8 of the Dungeon.
You worshipped Gozag.
Gozag was pleased with you.
You visited 1 branch of the dungeon, and saw 9 of its levels.
You also visited: Sewer.

You collected 1482 gold pieces.
You paid 599 gold pieces to Gozag.

Inventory:

Hand Weapons
 o - a +5 halberd of protection
 u - a +3 hand axe of flaming
 B - a +2 quarterstaff of chaos
Missiles
 t - 10 poisoned darts
 y - 3 silver boomerangs
Armour
 d - a +0 pair of boots (worn)
 s - a +0 pair of gloves (worn)
 C - a +0 cloak (worn)
Magical Staves
 b - a staff of cold
Jewellery
 D - a ring of see invisible (left hand)
Wands
 x - a wand of polymorph (6)
 A - a wand of roots (6)
Scrolls
 c - a scroll of fog
 e - 2 scrolls of poison
 g - a scroll of enchant weapon {unknown}
 h - 3 scrolls of magic mapping
 k - a scroll of enchant armour
 l - 10 scrolls of teleportation
 n - 2 scrolls of fear {unknown}
 q - 2 scrolls of blinking {unknown}
 v - a scroll of brand weapon {unknown}
 w - a scroll of torment {unknown}
 z - 3 scrolls of identify
 E - a scroll of immolation {unknown}
Potions
 a - 2 potions of lignification
 f - a potion of cancellation
 i - a potion of resistance {unknown}
 j - a potion of brilliance {unknown}
 m - 2 potions of mutation
 p - 3 potions of attraction
 r - a potion of might
 F - a potion of degeneration {unknown}


   Skills:
 * Level 9.6 Fighting
 + Level 5.7 Dodging
 * Level 9.1 Unarmed Combat
 + Level 5.8 Spellcasting
 + Level 6.4 Transmutations


You had 14 spell levels left.
You knew the following spells:

 Your Spells              Type           Power      Damage    Failure   Level
a - Beastly Appendage     Tmut           42%        N/A       1%          1
b - Wereblood             Tmut           21%        N/A       1%          2
c - Spider Form           Tmut/Pois      13%        N/A       13%         3

Your spell library contained the following spells:

 Spells                   Type           Power      Damage    Failure   Level
 Kiss of Death            Conj/Necr      16%        2d6       16%         1
 Magic Dart               Conj           16%        1d3       16%         1
 Ignite Poison            Fire/Tmut/Pois 10%        N/A       21%         3
 Cigotuvi's Dreadful Rot  Necr/Pois/Air  8%         N/A       24%         2
 Searing Ray              Conj           8%         2d4       24%         2
 Ice Form                 Ice/Tmut       13%        N/A       41%         4
 Confusing Touch          Hex            4%         N/A       43%         3
 Dispel Undead            Necr           4%         3d7       85%         4
 Fulminant Prism          Conj/Hex       2%         3d5       85%         4
 Freezing Cloud           Conj/Ice/Air   2%         6-21      99%         5


Dungeon Overview and Level Annotations

Branches:
Dungeon (9/15)             Temple (0/1) D:7            Lair (0/5) D:9
  Sewer (visited)
    Orc: D:9-12

Altars:
Fedhas
Gozag
Nemelex Xobeh
Qazlal
Ru
Wu Jian
Xom
Yredelemnul
Zin

Shops:
D:3 *

Annotations:
D:3 2 transporters, bftschaos's ghost, weakling DrFi


Innate Abilities, Weirdness & Mutations

You can spit globs of acid.
Your golden yellow scales are hard. (AC +7)
You cannot fit into any form of body armour.
You are cold-blooded and may be slowed by cold attacks.
You are resistant to acid. (rCorr)
Your tail ends in a venomous barb.
You are agile. (Dex +4, Str/Int -1)


Message History

* * * LOW HITPOINT WARNING * * *
You have got your breath back.
The wolf bites you.
* * * LOW HITPOINT WARNING * * *
The wolf bites you but does no damage. The wolf closely misses you.
There is a stone staircase leading up here.
The wolf bites you.
* * * LOW HITPOINT WARNING * * *
The wolf barely misses you. The hound bites you but does no damage.
You climb upwards.
There is a stone staircase leading down here.
Unknown command.
You miss the wolf.
The wolf is moderately wounded.
The wolf barely misses you. The wolf closely misses you. The wolf bites you.
* * * LOW HITPOINT WARNING * * *
The wolf closely misses you.
Press: ? - help, Shift-Dir - straight line, f - wolf
Aim: a wolf (lightly wounded, 43% to hit)
You spit a glob of acid.
The glob of acid hits the wolf!!
The acid corrodes the wolf!
The acid splashes onto the wolf!
The wolf is splashed with acid.
The acid corrodes the wolf!
You kill the wolf!
The wolf bites you.
* * * LOW HITPOINT WARNING * * *
The wolf misses you.
Unknown command.
You punch the wolf!
The wolf is severely wounded.
The wolf bites you!
* * * LOW HITPOINT WARNING * * *
Okay, then.
You closely miss the wolf. You tail-slap the wolf.
The wolf is severely wounded.
The wolf bites you.
* * * LOW HITPOINT WARNING * * *
The wolf bites you.
You die...
Your body crumbles into a pile of gold.

......##
#............##
..##..#
#..(..........#
..##..#
#.............#
.####.#
#.............# ##
#.##
#.............# #
#..#
#.............#
#..#
##............#
#..# #...........##
##.######
##@.........#
###.#....#
#h$........#
#........##
##........##
#.........#
#.......##
#.........##
##...####
##.........####..##
#.........##...##
##.......##...##
#......##..###


You could see a wolf (corroded).

Vanquished Creatures
  Erica (D:8)
  Joseph (D:7)
  Maggie (D:6)
  A troll (D:9)
  6 yaks
  3 steam dragons
  A water moccasin (D:7)
  Pargi (Sewer)
  2 orc warriors (D:7)
  A sky beast (D:5)
  3 ice beasts
  2 wolves
  2 centaurs
  2 phantoms
  A bullfrog (D:8)
  2 scorpions
  5 wights
  11 killer bees (D:8)
  2 howler monkeys (D:4)
  4 hounds
  3 jellies
  4 orc priests
  3 gnoll boudas
  A sleepcap (D:6)
  Ijyb (D:5)
  Crazy Yiuf (D:6)
  3 iguanas
  9 orc wizards
  Robin (D:4)
  12 gnolls
  8 adders
  A white imp (D:5)
  2 ufetubi
  An adder zombie (D:3)
  A worm (D:4)
  3 dart slugs
  31 orcs
  7 ball pythons
  3 endoplasms (D:1)
  5 giant cockroaches
  22 goblins
  8 hobgoblins
  7 jackals (D:3)
  11 kobolds
  9 quokkas
  10 bats
  4 frilled lizards
  A quokka zombie (D:3)
  6 rats
230 creatures vanquished.

Notes
Turn   | Place    | Note
-------+----------+-------------------------------------------
     0 | D:1      | arthad the Draconian Transmuter began the quest for the
                  | Orb.
     0 | D:1      | Reached XP level 1. HP: 16/16 MP: 3/3
   120 | D:1      | Reached XP level 2. HP: 23/23 MP: 5/5
   659 | D:1      | Reached XP level 3. HP: 25/29 MP: 6/6
   824 | D:1      | Learned a level 2 spell: Wereblood
  1231 | D:2      | Reached XP level 4. HP: 30/37 MP: 7/7
  1642 | D:3      | Noticed a small abomination
  1648 | D:3      | Noticed a kobold brigand
  1651 | D:3      | Noticed bftschaos's ghost (weakling DrFi)
  1740 | D:3      | Noticed a phantom
  1759 | D:3      | Killed a phantom
  1760 | D:3      | Reached XP level 5. HP: 32/45 MP: 8/8
  1823 | D:3      | Found a transporter.
  1932 | D:3      | Found a transporter.
  2010 | D:2      | Gained mutation: Your tail ends in a venomous barb. [potion
                  | of mutation]
  2010 | D:2      | Gained mutation: You are agile. (Dex +4, Str/Int -1)
                  | [potion of mutation]
  2139 | D:3      | Found Gozag's Platinum Reserve.
  2194 | D:3      | Found an opulent altar of Gozag.
  2225 | D:3      | Became a worshipper of Gozag Ym Sagoz the Greedy
  2482 | D:3      | Found a basalt altar of Yredelemnul.
  2749 | D:4      | Reached XP level 6. HP: 39/52 MP: 10/10
  2864 | D:4      | Noticed Robin
  2881 | D:4      | Killed Robin
  3073 | D:4      | Found an ornate altar of the Wu Jian Council.
  3117 | D:4      | Found a sacrificial altar of Ru.
  3196 | D:4      | Found a shimmering altar of Xom.
  3196 | D:4      | Found a blossoming altar of Fedhas.
  3198 | D:4      | Found a glowing silver altar of Zin.
  3567 | D:5      | Entered Level 5 of the Dungeon
  3578 | D:5      | Noticed an ice beast
  3622 | D:4      | Killed an ice beast
  3623 | D:4      | Your scales start taking on a golden yellow colour.
  3623 | D:4      | Reached XP level 7. HP: 29/60 MP: 11/11
  3623 | D:4      | Gained mutation: You are resistant to acid. (rCorr) [Yellow
                  | Draconian growth]
  3759 | D:5      | Reached skill level 5 in Unarmed Combat
  3914 | D:5      | Found a sparkling altar of Nemelex Xobeh.
  3968 | D:5      | Found a stormy altar of Qazlal.
  4199 | D:5      | Noticed Ijyb
  4209 | D:5      | Killed Ijyb
  4210 | D:5      | Reached skill level 5 in Fighting
  4662 | D:6      | Reached XP level 8. HP: 41/69 MP: 13/13
  4692 | D:6      | Found a glowing drain.
  4780 | Sewer    | Entered a sewer
  4823 | Sewer    | Noticed Pargi
  4841 | Sewer    | Killed Pargi
  5426 | D:6      | Noticed Maggie
  5455 | D:6      | Killed Maggie
  5976 | D:6      | Found a runed translucent door.
  5977 | D:6      | Noticed Crazy Yiuf
  6212 | D:6      | Killed Crazy Yiuf
  6423 | D:7      | Reached XP level 9. HP: 68/79 MP: 15/15
  6548 | D:7      | Noticed Joseph
  6561 | D:7      | Killed Joseph
  6562 | D:7      | Reached skill level 5 in Transmutations
  6637 | D:7      | Found a staircase to the Ecumenical Temple.
  7412 | D:8      | Noticed Erica
  7424 | D:8      | HP: 2/81 [Erica/bolt of poison (30)]
  7427 | D:8      | Killed Erica
  7428 | D:8      | Reached skill level 5 in Dodging
  7428 | D:8      | Reached skill level 5 in Spellcasting
  7451 | D:7      | HP: 2/82 [yak (11)]
  7741 | D:7      | Reached XP level 10. HP: 49/90 MP: 15/17
  7751 | D:7      | Learned a level 3 spell: Spider Form
 10294 | D:9      | Found a staircase to the Lair.
 10331 | D:8      | HP: 1/91 [wolf (4)]
 10331 | D:8      | Slain by a wolf

Illustrated notes

Levels and vault maps discovered:
D:1:      dpeg_arrival_prison, layout_loops_ring
D:2:      layout_loops_ring, minmay_ruptured
D:3:      layout_loops_cross, lemuel_zombie_altar_yredelemnul,
          nicolae_gozag_zags_fifth_avenue, gammafunk_ghost_abyssal_escape
D:4:      layout_loops_ring, nicolae_ru_the_path_less_chosen, lemuel_tele_altar,
          nicolae_overflow_hidden_temple, uniq_robin
D:5:      layout_rooms, nemelex_xobeh_ov_fountains_minmay,
          nicolae_qazlal_beasts_of_the_sky, uniq_ijyb
D:6:      layout_cave_pods, cheibrodos_sewer_entry_drain, grunt_ministairs_1,
          chequers_serial_rivers_micro_c, uniq_crazy_yiuf_cottage, uniq_maggie
D:7:      layout_rooms, temple_statues, uniq_joseph
D:8:      minmay_skewed_foursquare, layout_cave_pods, uniq_erica
D:9:      layout_layer_cave, mainiacjoe_overflow_boulevard,
          lemuel_mausoleum_altar_kikubaaqudgha, nicolae_vehumet_altar_sigil,
          erik_lair_island, uniq_grum

Skill      XL: |  1  2  3  4  5  6  7  8  9 10 |
---------------+-------------------------------+-----
Dodging        | 2 3 4 5 |  5.7
Fighting       | 2 3 4 5 7 8 9 |  9.6
Unarmed Combat | 4 5 6 8 9 |  9.1
Transmutations | 3 4 5 6 |  6.4
Spellcasting   | 3 4 5 |  5.8

Action                     |  1- 3 |  4- 6 |  7- 9 | 10-12 || total
---------------------------+-------+-------+-------+-------++-------
  Melee: Unarmed           |   154 |   293 |   361 |   184 ||   992
         Tailslap          |    14 |    40 |    72 |    24 ||   150
         Punch             |     3 |     7 |    22 |    13 ||    45
         Kick              |       |     1 |    14 |    15 ||    30
         Headbutt          |       |       |     8 |    14 ||    22
  Throw: Dart              |       |       |     2 |       ||     2
   Cast: Beastly Appendage |       |     1 |    10 |     7 ||    18
         Spider Form       |       |       |       |     2 ||     2
 Invoke: Potion Petition   |       |       |     2 |       ||     2
Ability: Breathe Acid      |       |       |    13 |     2 ||    15
  Evoke: Wand              |       |       |     9 |     1 ||    10
    Use: Potion            |       |     7 |     4 |       ||    11
         Scroll            |       |     1 |     9 |       ||    10
   Stab: Sleeping          |     3 |     2 |     3 |       ||     8
         Distracted        |       |     1 |     1 |       ||     2
 Armour: Skin              |    51 |    94 |   136 |    62 ||   343
  Dodge: Dodged            |    91 |   147 |   281 |   161 ||   680
